 Dungeon Crawl Stone Soup version 0.26.0-10-g1f06aea511 (webtiles) character file.

Game seed: 12536523957141602250

240 Arum the Slasher (level 5, -4/47 HPs)
             Began as a Minotaur Gladiator on Jan 15, 2021.
             Was an Initiate of Ru.
             Slain by Raspi's ghost (9 damage)
             ... on level 3 of the Dungeon.
             The game lasted 00:03:32 (2519 turns).

Arum the Slasher (Minotaur Gladiator)               Turns: 2519, Time: 00:03:33

Health: -4/47      AC:  6    Str: 19    XL:     5   Next: 79%
Magic:  4/4        EV: 12    Int:  5    God:    Ru [......]
Gold:   181        SH:  4    Dex: 12    Spells: 4/4 levels left

rFire    . . .     SeeInvis .   a - +0 long sword
rCold    + . .     Faith    .   l - +0 buckler
rNeg     . . .     Spirit   .   h - +0 ring mail
rPois    .         Reflect  .   c - +0 hat
rElec    .         Harm     .   (no cloak)
rCorr    .         Rampage  .   o - +0 pair of gloves
Will     .....                  (no boots)
Stlth    +.........             (no amulet)
HPRegen  0.15/turn              i - ring of protection from cold
MPRegen  0.09/turn              (no ring)

@: attractive
A: retaliatory headbutt, horns 2
a: Renounce Religion


You were on level 3 of the Dungeon.
You worshipped Ru.
Ru was noncommittal.
You visited 1 branch of the dungeon, and saw 3 of its levels.

You collected 181 gold pieces.

Inventory:

Hand Weapons
 a - a +0 long sword (weapon)
Missiles
 d - 3 throwing nets (quivered)
Armour
 c - a +0 hat (worn)
 h - a +0 ring mail (worn)
 l - a +0 buckler (worn)
 o - a +0 pair of gloves (worn)
Jewellery
 i - a ring of protection from cold (left hand)
Scrolls
 b - 2 scrolls of remove curse {unknown}
 e - 3 scrolls of enchant weapon {unknown}
 g - 4 scrolls of identify {unknown}
 j - a scroll of blinking {unknown}
 n - a scroll of teleportation {unknown}
Potions
 f - 5 potions of curing {unknown}
 k - a potion of cancellation {unknown}
 m - a potion of might {unknown}
 p - a potion of attraction
 q - a potion of magic {unknown}


   Skills:
 + Level 4.3 Fighting
 + Level 5.2 Long Blades
 - Level 2.0 Throwing
 + Level 4.6 Dodging
 + Level 2.6 Shields


You had 4 spell levels left.
You didn't know any spells.
Your spell library was empty.

Dungeon Overview and Level Annotations

Branches:
Dungeon (3/15)

Altars:
Ru
Vehumet
Xom

Annotations:
D:3 Raspi's ghost, amateur FoHu


Innate Abilities, Weirdness & Mutations

You reflexively headbutt those who attack you in melee.
You have a pair of horns on your head.


Message History

Raspi's ghost is moderately damaged.
Raspi's ghost whispers, "The ORB doesn't exist."
Raspi's ghost hits you. Raspi's ghost misses you.
You riposte.
You hit Raspi's ghost. You headbutt Raspi's ghost!
Raspi's ghost is severely damaged.
You barely miss Raspi's ghost. You headbutt Raspi's ghost.
Raspi's ghost is severely damaged.
Raspi's ghost hits you!
You hit Raspi's ghost but do no damage.
Raspi's ghost is severely damaged.
Raspi's ghost hits you.
* * * LOW HITPOINT WARNING * * *
You hit Raspi's ghost.
Raspi's ghost is severely damaged.
Raspi's ghost hits you!
* * * LOW HITPOINT WARNING * * *
x2 It was a potion of attraction.
You feel attractive to monsters. Raspi's ghost hits you!
You die...

....##..÷................†..###..
...)<..#.#######################†
...)####.# ###.#.### #.<.
...)[..#.# ##.≈$≈.#≈# #.##
...[...#.# #.#≈≈§.§# #.##
...)...#.# #.≈⌠≈#≈§#########.##
#...##.#.#### #...§$§.#..........
#......#....# ###W'### ######†###
....##.####.# #.@....# #.# #
.>...#.####.####...### #.###
...#.............### #....
.#.#...#####..#### ##### ..#....#
#..# # .# #.#.# #..# # #..# #
...# # ###.# #


You could see Raspi's ghost.

Vanquished Creatures
  2 orc wizards (D:3)
  An orc priest (D:3)
  5 adders
  2 worms (D:3)
  7 dart slugs
  3 leopard geckos
  12 orcs
  4 giant cockroaches
  7 goblins
  6 hobgoblins
  2 jackals (D:3)
  3 quokkas
  A ball python (D:3)
  4 bats
  4 frilled lizards
  4 kobolds
  A leopard gecko skeleton (D:2)
  13 rats
81 creatures vanquished.

Notes
Turn   | Place    | Note
-------+----------+-------------------------------------------
     0 | D:1      | Arum the Minotaur Gladiator began the quest for the Orb.
     0 | D:1      | Reached XP level 1. HP: 18/18 MP: 0/0
   339 | D:1      | Reached XP level 2. HP: 24/25 MP: 1/1
   405 | D:1      | Reached skill level 4 in Long Blades
   854 | D:2      | Reached XP level 3. HP: 28/31 MP: 2/2
  1103 | D:2      | Found a radiant altar of Vehumet.
  1328 | D:2      | Found a shimmering altar of Xom.
  1408 | D:2      | Reached skill level 1 in Shields
  1756 | D:3      | Reached XP level 4. HP: 29/38 MP: 3/3
  1860 | D:3      | Found a sacrificial altar of Ru.
  1873 | D:3      | Became a worshipper of Ru the Awakened
  2186 | D:3      | Reached XP level 5. HP: 46/46 MP: 4/4
  2238 | D:3      | Reached skill level 5 in Long Blades
  2502 | D:3      | Found a large runed translucent door.
  2504 | D:3      | Found a large runed translucent door.
  2504 | D:3      | Noticed Raspi's ghost (amateur FoHu)
  2519 | D:3      | Slain by Raspi's ghost

Illustrated notes

Levels and vault maps discovered:
D:1:      dpeg_arrival_ratfight, layout_loops_cross
D:2:      layout_rooms, nicolae_overflow_hidden_temple, vehumet_crystals,
          serial_corexii_hall, corexii_hall_statues_x, chequers_hall_statues_y,
          corexii_hall_statues_deadend, chequers_hall_statues_wall_a,
          corexii_hall_statues_i, corexii_hall_statues_i
D:3:      layout_loops_ring, ebering_ghost_disaster_area,
          nicolae_ru_great_annihilating_truth

Skill      XL: |  1  2  3  4  5 |
---------------+----------------+-----
Long Blades    | 4 5 |  5.2
Fighting       | 3 4 |  4.3
Shields        | 1 2 |  2.6
Dodging        | 4 |  4.6
Throwing       | |  2.0

Action                   |  1- 3 |  4- 6 || total
-------------------------+-------+-------++-------
Melee: Long sword        |    67 |    96 ||   163
       Headbutt          |    15 |    18 ||    33
  Use: Potion            |       |     1 ||     1
 Stab: Paralysed         |       |     1 ||     1
Armor: Ring mail         |    26 |    21 ||    47
       Leather armour    |     1 |       ||     1
Dodge: Dodged            |    40 |    58 ||    98
Block: Buckler           |     3 |    20 ||    23
       Rpst.: Long sword |     8 |    21 ||    29
